AoeStats
← FrankSinatrap

Arabia

509953502Analyzed
1v1 RM · 4d ago on Sep 28, 2026· 43m 5s· 2 players
Game mode
Random Map
Map size
Tiny (2 player)
Population
200
Speed
Normal
Resources
Standard
Victory
Conquest
Starting age
Dark Age
Ending age
Imperial Age
RankedLock teamsTeams togetherTeam positionsShared explorationLock speedFull tech treeHidden civsTurbo modeCheats
Victory
Defeat
🇲🇽 Shu · Mexico
1217
+26
🇳🇱 Danes · Netherlands
1195
-15
Hakkelaar
6:25 Loom
9:36 Feudal Age
9:46 Man-at-Arms
14:45 Arson
19:50 Castle Age
19:01 Wheelbarrow
18:51 Horse Collar
20:12 Fletching
20:37 Double-Bit Axe
20:16 Long Swordsman
20:58 Squires
20:44 Gambesons
21:05 Bodkin Arrow
21:12 Padded Archer Armor
22:09 Scale Mail Armor
21:35 Elite Skirmisher
32:24 Stone Mining
32:53 Pikeman
34:23 Bow Saw
34:23 Heavy Plow
36:01 Forging
36:07 Leather Archer Armor
36:47 Ballistics
37:46 Thumb Ring
39:30 Chain Mail Armor
39:52 Iron Casting
45:20 Imperial Age
FrankSinatrap
6:55 Loom
9:19 Feudal Age
12:43 Double-Bit Axe
15:02 Fletching
15:27 Town Watch
21:41 Castle Age
20:56 Horse Collar
21:09 Gold Mining
21:44 Crossbowman
22:21 Bodkin Arrow
23:36 Padded Archer Armor
28:40 Wheelbarrow
30:50 Heavy Plow
35:03 Thumb Ring
37:59 Imperial Age
36:12 Hand Cart
36:49 Ballistics
38:30 Leather Archer Armor
39:12 Gold Shaft Mining
38:28 Stone Mining
39:04 Bracer
38:52 Arbalester
40:53 Chemistry
Connection lost

Rejoining the realm…

Still unreachable

The connection could not be restored.

Session expired

The server has moved on; the page needs a fresh start.